 Dungeon Crawl Stone Soup version 0.17-a0-2002-g92c7e20 (webtiles) character file.

2473 brucemayne the Cleaver (level 9, -20/109 HPs)
             Began as a Hill Orc Berserker on Oct 8, 2015.
             Was a Priest of Trog.
             Demolished by a komodo dragon (23 damage)
             ... on level 11 of the Dungeon.
             The game lasted 00:13:58 (2359 turns).

brucemayne the Cleaver (Hill Orc Berserker)         Turns: 2359, Time: 00:13:58

Health: -20/109    AC: 12    Str: 28    XL:     9   Next: 51%
Magic:  18/18      EV: 11    Int:  7    God:    Trog [***...]
Gold:   158        SH:  0    Dex: 10    Spells: 0 memorised, 8 levels left

rFire  + . .     SeeInvis .     x - +0 war axe
rCold  . . .     Clarity  .     I - +1 ring mail {rF+}
rNeg   . . .     SustAt   .     (no shield)
rPois  +         Gourm    .     q - +2 hat
rElec  .         Spirit   .     h - +0 cloak {rPois}
rCorr  .         Warding  .     s - +0 pair of gloves
rMut   .         Stasis   .     (no boots)
MR     ++...                    e - amulet of faith
Stlth  ..........               K - ring of magical power
                                r - +1 ring of protection

@: berserking, regenerating, very quick, very resistant to hostile enchantments,
extremely unstealthy
A: no striking features
a: Burn Spellbooks, Berserk, Trog's Hand, Renounce Religion


You were on level 11 of the Dungeon.
You worshipped Trog.
Trog was most pleased with you.
You were not hungry.

You visited 1 branch of the dungeon, and saw 11 of its levels.
You also visited: Bailey.

You collected 277 gold pieces.
You spent 119 gold pieces at shops.

Inventory:

Hand Weapons
 a - a +0 hand axe
 x - a +0 war axe (weapon)
 D - a +2 battleaxe
Missiles
 o - 22 poisoned needles
 y - 3 tomahawks (quivered)
 G - a throwing net
Armour
 b - a +0 animal skin
 h - a +0 cloak of poison resistance (worn)
 j - a +0 leather armour
 m - a +0 ring mail
 q - a +2 hat (worn)
 s - a +0 pair of gloves (worn)
 w - a +0 helmet
 I - a +1 ring mail of fire resistance (worn)
 J - a +0 shield
 P - a troll hide
Jewellery
 d - an uncursed ring of fire
 e - an amulet of faith (around neck)
 r - a +1 ring of protection (left hand)
 K - a ring of magical power (right hand)
Wands
 l - a wand of paralysis (4)
 n - a wand of teleportation (5)
 p - a wand of random effects (7)
 u - a wand of flame (11)
 z - a wand of cold (6)
Scrolls
 f - 2 scrolls of remove curse
 i - 2 scrolls of identify
 t - 2 scrolls of teleportation {unknown}
 B - a scroll of immolation {unknown}
 H - 2 scrolls of brand weapon {unknown}
 N - a scroll of noise {unknown}
Potions
 g - 2 potions of flight
 v - a potion of mutation {unknown}
 A - a potion of cure mutation {unknown}
 C - 3 potions of haste {unknown}
 L - 2 potions of poison {unknown}
 M - a potion of curing
 O - a potion of resistance {unknown}
Comestibles
 c - 3 bread rations
 k - 9 chunks of flesh
 E - a beef jerky
 F - a slice of pizza


   Skills:
 + Level 4.8 Fighting
 + Level 14.7 Axes
 - Level 4.1 Armour
 - Level 2.2 Dodging


You had 8 spell levels left.
You didn't know any spells.

Dungeon Overview and Level Annotations

Branches:
Dungeon (11/15)
 Temple: D:4-7         Lair: D:8-11         Orc: D:9-12

Altars:
Elyvilon
Qazlal

Shops:
D:7 **


Message History

You barely miss the komodo dragon.
The komodo dragon is heavily wounded.
Your ring mail prevents you from hitting the komodo dragon.
The komodo dragon is heavily wounded.
The komodo dragon bites you!!
* * * LOW HITPOINT WARNING * * *
You closely miss the komodo dragon.
The komodo dragon is heavily wounded.
You hit the komodo dragon.
The komodo dragon is heavily wounded.
The komodo dragon bites you!
* * * LOW HITPOINT WARNING * * *
Unknown command.
Unknown command.
You hit the komodo dragon.
The komodo dragon is heavily wounded.
You hit the komodo dragon.
The komodo dragon is severely wounded.
The komodo dragon bites you!!
You die...

..... ...
#C# #.#
###l# #...#
####C######
#...[l....#
#.....@...+
#.........#
#.........#
###########


You could see a hill giant and a komodo dragon.

Vanquished Creatures
  A two-headed ogre (D:8)
  A troll (D:10)
  A basilisk (D:9)
  The ghost of stickyfingers the Poker, an amateur MiIE (D:4)
  2 water moccasins (D:7)
  An ice beast (D:8)
  A phantom (D:5)
  2 centaurs
  3 ogres
  A gnoll sergeant (D:7)
  2 giant frogs
  4 wights (D:7)
  A crimson imp (D:6)
  A hound (D:6)
  A centaur skeleton (D:5)
  2 iguanas
  A jelly (D:7)
  2 orc wizards (D:5)
  A giant frog skeleton (D:7)
  4 orc priests
  2 worker ants
  8 adders
  10 gnolls
  3 shadow imps
  An ooze (D:3)
  An adder skeleton (D:8)
  3 giant geckos
  11 orcs
  5 bats
  3 giant cockroaches
  3 goblins
  A hobgoblin (D:3)
  3 jackals (D:4)
  3 kobolds
  A ball python (D:7)
  A giant cockroach zombie (D:6)
  2 giant newts (D:5)
  A jackal skeleton (D:6)
  6 rats
101 creatures vanquished.

Vanquished Creatures (others)
  A plant (D:9)
1 creature vanquished.

Grand Total: 102 creatures vanquished

Notes
Turn   | Place    | Note
--------------------------------------------------------------
     0 | D:1      | brucemayne the Hill Orc Berserker began the quest for the Orb.
     0 | D:1      | Reached XP level 1. HP: 19/19 MP: 1/1
   101 | D:1      | Reached XP level 2. HP: 12/27 MP: 2/2
   429 | D:3      | Reached XP level 3. HP: 23/33 MP: 3/3
   446 | D:3      | Acquired Trog's second power
   446 | D:3      | Reached skill level 5 in Axes
   545 | D:4      | Reached XP level 4. HP: 30/40 MP: 4/4
   546 | D:4      | Noticed stickyfingers's ghost (amateur MiIE)
   639 | D:4      | Killed stickyfingers's ghost
   639 | D:4      | Reached skill level 6 in Axes
   639 | D:4      | Reached XP level 5. HP: 46/46 MP: 5/5
   856 | D:5      | Entered Level 5 of the Dungeon
   916 | D:5      | Reached XP level 6. HP: 36/52 MP: 6/6
   966 | D:4      | Noticed an ogre
   972 | D:4      | Killed an ogre
   972 | D:4      | Reached skill level 7 in Axes
  1131 | D:6      | Reached skill level 8 in Axes
  1131 | D:6      | Reached XP level 7. HP: 35/59 MP: 7/7
  1179 | D:6      | Reached skill level 9 in Axes
  1294 | D:5      | HP: 2/59 [phantom (6)]
  1308 | D:5      | Reached skill level 10 in Axes
  1461 | D:7      | Found a white marble altar of Elyvilon.
  1487 | D:7      | Found Dycsug's Serpentskin Sales.
  1498 | D:7      | Reached XP level 8. HP: 54/66 MP: 8/8
  1507 | D:7      | Reached skill level 11 in Axes
  1521 | D:7      | Bought a +0 cloak of poison resistance for 119 gold pieces
  1552 | D:7      | Found Vadwa's Assorted Antiques.
  1592 | D:7      | Reached skill level 12 in Axes
  1653 | D:7      | Found a stormy altar of Qazlal.
  1671 | D:7      | Found a flagged portal.
  1680 | Bailey   | Entered a bailey
  1682 | Bailey   | Noticed an orc knight
  1878 | D:8      | Reached skill level 13 in Axes
  1958 | D:8      | Reached XP level 9. HP: 32/71 MP: 9/9
  2036 | D:8      | Noticed a two-headed ogre
  2043 | D:8      | Killed a two-headed ogre
  2043 | D:8      | Reached skill level 14 in Axes
  2126 | D:9      | Noticed a komodo dragon
  2274 | D:10     | Entered Level 10 of the Dungeon
  2342 | D:11     | Noticed a hill giant
  2342 | D:11     | Noticed a komodo dragon
  2357 | D:11     | HP: 2/109 [komodo dragon (9)]
  2359 | D:11     | Demolished by a komodo dragon

Vault maps used:
D:1:      minmay_arrival_semitransparent
D:2:      nicolae_tso_swordbearing_angel
D:4:      serial_forest, infiniplex_forest_clump_double,
          infiniplex_forest_lined_2, infiniplex_forest_straight_2,
          infiniplex_forest_clump_large, serial_shops, shop
D:5:      first_bread, minmay_stone_trees_medium
D:6:      minmay_divided_ellipse
D:7:      elyvilon_altar_5, temple_hall, serial_shops, nicolae_shop_statue_plus,
          basic_altar, enter_bailey_2, guppyfry_shop_venom
D:8:      vehumet_crystals
D:9:      gammafunk_temple_overflow_wave, minmay_lair_entry_grove, erik_orc_1
D:10:     uniq_fannar, uniq_psyche, uniq_maurice
D:11:     hangedman_pestilent_swarm, minmay_misc_feat_diagonals, uniq_josephine
Bailey:   bailey_polearm_4, bailey

Action                   |  1- 3 |  4- 6 |  7- 9 || total
-------------------------+-------+-------+-------++-------
Melee: Hand axe          |    79 |   106 |    36 ||   221
       War axe           |       |       |   200 ||   200
Invok: Berserk           |     3 |     2 |     9 ||    14
       Trog's Hand       |     1 |     2 |     6 ||     9
Evoke: Wand              |       |       |     3 ||     3
  Use: Potion            |     1 |       |     2 ||     3
       Scroll            |       |       |     5 ||     5
 Stab: Invisible         |       |       |     6 ||     6
  Eat: Chunk             |     1 |     5 |     9 ||    15
       Meat ration       |       |       |     1 ||     1
